 Dungeon Crawl Stone Soup version 0.29.0-4-gdea44cf6ec (webtiles) character file.

Game seed: 4349510451242212577

15834 qw the Blocker (level 12, -5/107 HPs)
             Began as a Troll Cinder Acolyte on Aug 31, 2022.
             Was a Priest of Okawaru.
             Killed from afar by a gargoyle (18 damage)
             ... with a stone arrow
             ... on level 13 of the Dungeon.
             The game lasted 00:05:58 (9866 turns).

qw the Blocker (Troll Cinder Acolyte)               Turns: 9866, Time: 00:05:58

Health: -5/107     AC: 13    Str: 29    XL:     12   Next: 4%
Magic:  14/14      EV:  9    Int: 10    God:    Okawaru [***...]
Gold:   521        SH: 17    Dex:  5    Spells: 13/13 levels left

rFire   . . .      SeeInvis .     - Unarmed
rCold   . . .      Faith    .   e - +0 tower shield
rNeg    . . .      Spirit   .   i - +0 steam dragon scales
rPois   .          Reflect  .   (helmet restricted)
rElec   .          Harm     .   d - +0 cloak
rCorr   .          Rampage  .   (gloves unavailable)
Will    .....                   (boots unavailable)
Stlth   ++........              (no amulet)
HPRegen 1.07/turn               b - +4 ring of protection
MPRegen 0.14/turn               (no ring)

@: about to teleport, heroic, fire susceptible
A: large, unfitting armour, claws 3, regeneration 1, shaggy fur 1, tough skin 1
a: Renounce Religion, Heroism


You were on level 13 of the Dungeon.
You worshipped Okawaru.
Okawaru was most pleased with you.
You visited 2 branches of the dungeon, and saw 13 of its levels.

You collected 773 gold pieces.
You spent 252 gold pieces at shops.


Innate Abilities, Weirdness & Mutations

You are too large for most types of armour.
You have claws for hands.
Your natural rate of healing is unusually fast.
You are covered in fur. (AC +1)
You have tough skin. (AC +1)


   Skills:
 - Level 4.0(9.0) Fighting
 + Level 3.8(8.8) Throwing
 - Level 1.2(6.2) Armour
 - Level 1.2(6.2) Dodging
 - Level 12.7(17.7) Shields
 - Level 12.0(17.0) Unarmed Combat
 - Level 1.0 Spellcasting
 - Level 2.1 Fire Magic
 - Level 4.1 Invocations


You had 13 spell levels left.
You didn't know any spells.
Your spell library contained the following spells:

 Spells                   Type           Power      Damage    Failure   Level
 Scorch                   Fire           8%         2d5       41%         2

Inventory:

Missiles
 a - 5 large rocks
 g - 3 boomerangs (quivered)
Armour
 d - a +0 cloak (worn)
 e - a +0 tower shield (worn)
 i - +0 steam dragon scales (worn)
 k - a +0 troll leather armour
Jewellery
 b - a +4 ring of protection (left claw)
 m - a ring of ice
Wands
 j - a wand of digging (1)
Scrolls
 c - 2 scrolls of teleportation
 h - 9 scrolls of identify
 n - a scroll of brand weapon
Potions
 f - 2 potions of curing
 o - 2 potions of haste

Dungeon Overview and Level Annotations

Branches:
Dungeon (11/15)            Temple (1/1) D:7             Orc (0/2) D:9
   Lair: D:8-11

Altars:
Ashenzari
Cheibriados
Dithmenos
Elyvilon
Fedhas
Gozag
Hepliaklqana
Kikubaaqudgha
Makhleb
Nemelex Xobeh
Okawaru
Qazlal
Ru
Sif Muna
Trog
Uskayaw
Vehumet
Wu Jian
Xom
Yredelemnul
Zin
The Shining One

Shops:
D:6 *(*!?   D:8 =(

Annotations:
D:4 3 runed translucent doors, qw's ghost, amateur TeWr; qw's ghost, amateur TrCA
D:10 1 runed translucent door, qw's ghost, journeyman TeWr


Message History

The fire elemental is heavily damaged.
The fire elemental closely misses you. You block the efreet's attack.
You barely miss the fire elemental.
The fire elemental is heavily damaged.
Your surroundings suddenly seem different. 2 gargoyles come into view.
Found 4 gold pieces and a potion of attraction.
Enter note: The helpless gargoyle fails to defend itself.
You mangle the gargoyle!!
The gargoyle is almost destroyed.
You block the gargoyle's attack.
You scratch the gargoyle but do no damage.
The gargoyle is almost destroyed.
The gargoyle hurls a stone arrow at you.
The stone arrow hits you!
The gargoyle hits you with a +0 dire flail!!
9862 ||| READING 3 scrolls of teleportation.
As you read the scroll of teleportation, it crumbles to dust.
You feel strangely unstable.
The gargoyle hurls a stone arrow at you.
You block the stone arrow.
The gargoyle hits you with a +0 dire flail!
You scratch the gargoyle but do no damage.
The gargoyle is almost destroyed.
The gargoyle hurls a stone arrow at you.
You block the stone arrow.
The gargoyle hurls a stone arrow at you.
You block the stone arrow.
You scratch the gargoyle but do no damage.
The gargoyle is almost destroyed.
The gargoyle hits you with a +0 dire flail.
You block the gargoyle's attack.
You scratch the gargoyle but do no damage.
The gargoyle is almost destroyed.
You barely miss the gargoyle.
The gargoyle is almost destroyed.
The gargoyle hurls a stone arrow at you.
The stone arrow hits you!!
You die...

######
#....#
#....#
#....#
#....#
#....+
#....#
####$...#
#...@9..#
#..9....#
#.....#...#
#####.#.....
.# .... .#
... !# ...
..


You could see 2 gargoyles.

Vanquished Creatures
  Josephine (D:10)
  A two-headed ogre (D:8)
  2 centaur warriors (D:13)
  A tengu warrior (D:13)
  Lodul (D:10)
  A manticore (D:13)
  A cyclops (D:13)
  Maurice (D:9)
  A gargoyle (D:13)
  Joseph (D:7)
  Psyche (D:10)
  A troll (D:13)
  Grinder (D:6)
  Sigmund (D:6)
  3 shadows
  2 vampires (D:10)
  A centaur simulacrum (D:13)
  23 yaks
  3 wraiths
  A steam dragon (D:9)
  Eustachio (D:6)
  4 fire elementals
  A vampire mosquito (D:13)
  4 wargs (D:9)
  2 water moccasins
  Duvessa (D:4)
  2 sky beasts (D:7)
  3 orc warriors
  3 black bears
  6 ogres (D:10)
  3 centaurs
  2 phantoms
  Blork the orc (D:4)
  2 bullfrogs
  2 scorpions
  5 gnoll sergeants
  Dowan (D:4)
  11 killer bees
  2 howler monkeys (D:9)
  2 hounds
  2 jellies
  4 orc priests
  7 iguanas
  Ijyb (D:5)
  12 orc wizards
  Robin (D:2)
  22 gnolls
  7 adders
  A shadow imp (D:6)
  A white imp (D:4)
  2 ufetubi
  A worm (D:2)
  3 dart slugs
  24 orcs
  5 ball pythons
  11 endoplasms
  7 giant cockroaches
  18 goblins
  11 hobgoblins
  14 jackals
  7 kobolds
  4 quokkas
  4 bats
  2 frilled lizards
  3 rats
280 creatures vanquished.

Vanquished Creatures (others)
  3 plants (D:13)
  4 withered plants (D:4)
7 creatures vanquished.

Grand Total: 287 creatures vanquished

Notes
Turn   | Place    | Note
-------+----------+-------------------------------------------
     0 | D:1      | qw the Troll Cinder Acolyte began the quest for the Orb.
     0 | D:1      | Reached XP level 1. HP: 22/22 MP: 1/1
     0 | D:1      | 0 ||| qw: Version: 0.1-a-97-g2dd2ca4
     0 | D:1      | 0 ||| qw: Game counter: 4521
     0 | D:1      | 0 ||| qw: Always use a shield: true
     0 | D:1      | 0 ||| qw: God list: Okawaru
     0 | D:1      | 0 ||| qw: Allow faded altars: false
     0 | D:1      | 0 ||| qw: Do Orc after D:15 true
     0 | D:1      | 0 ||| qw: Do second Lair branch before Depths: true
     0 | D:1      | 0 ||| qw: Lair rune preference: random
     0 | D:1      | 0 ||| qw: Plans: Normal
     0 | D:1      | 0 ||| PLANNING D:1-11
    83 | D:1      | 83 ||| INVOKING Fiery Armour.
    88 | D:1      | Reached XP level 2. HP: 29/29 MP: 2/2
   147 | D:1      | 147 ||| Stepping ~*~*~tactically~*~*~ (outnumbered).
   148 | D:1      | 148 ||| Stepping ~*~*~tactically~*~*~ (outnumbered).
   149 | D:1      | 149 ||| Stepping ~*~*~tactically~*~*~ (outnumbered).
   456 | D:1      | 456 ||| Stepping ~*~*~tactically~*~*~ (outnumbered).
   457 | D:1      | 457 ||| Stepping ~*~*~tactically~*~*~ (outnumbered).
   458 | D:1      | 458 ||| Stepping ~*~*~tactically~*~*~ (outnumbered).
   459 | D:1      | 459 ||| Stepping ~*~*~tactically~*~*~ (outnumbered).
   460 | D:1      | 460 ||| Stepping ~*~*~tactically~*~*~ (outnumbered).
   461 | D:1      | 461 ||| Stepping ~*~*~tactically~*~*~ (outnumbered).
   462 | D:1      | 462 ||| Stepping ~*~*~tactically~*~*~ (outnumbered).
   463 | D:1      | 463 ||| Stepping ~*~*~tactically~*~*~ (outnumbered).
   464 | D:1      | 464 ||| Stepping ~*~*~tactically~*~*~ (outnumbered).
   465 | D:1      | 465 ||| Stepping ~*~*~tactically~*~*~ (outnumbered).
   466 | D:1      | 466 ||| Stepping ~*~*~tactically~*~*~ (outnumbered).
   470 | D:1      | Reached XP level 3. HP: 33/36 MP: 3/3
   632 | D:1      | 632 ||| Stepping ~*~*~tactically~*~*~ (stealth).
   793 | D:1      | 793 ||| UPGRADING to +0 cloak.
   798 | D:1      | 798 ||| READING 2 scrolls labelled HUJISA GYPA.
   803 | D:1      | 803 ||| READING 4 scrolls labelled OGATHU UFAO.
   804 | D:1      | 804 ||| READING scroll labelled MOASKI QAVVAWK.
   805 | D:1      | 805 ||| DROPPING 3 scrolls of amnesia.
   827 | D:2      | 827 ||| STAIRDANCE
   834 | D:2      | 834 ||| STAIRDANCE
   861 | D:2      | 861 ||| STAIRDANCE
   947 | D:2      | 947 ||| Stepping ~*~*~tactically~*~*~ (stealth).
   961 | D:2      | Reached XP level 4. HP: 44/44 MP: 4/4
  1111 | D:2      | 1111 ||| Stepping ~*~*~tactically~*~*~ (stealth).
  1132 | D:2      | 1132 ||| Stepping ~*~*~tactically~*~*~ (stealth).
  1134 | D:2      | Noticed Robin
  1135 | D:2      | 1135 ||| Stepping ~*~*~tactically~*~*~ (stealth).
  1146 | D:2      | 1146 ||| Stepping ~*~*~tactically~*~*~ (outnumbered).
  1147 | D:2      | 1147 ||| Stepping ~*~*~tactically~*~*~ (outnumbered).
  1148 | D:2      | 1148 ||| Stepping ~*~*~tactically~*~*~ (outnumbered).
  1150 | D:2      | 1150 ||| Stepping ~*~*~tactically~*~*~ (outnumbered).
  1152 | D:2      | 1152 ||| Stepping ~*~*~tactically~*~*~ (outnumbered).
  1156 | D:2      | 1156 ||| INVOKING Fiery Armour.
  1157 | D:2      | Reached skill level 1 in Throwing
  1157 | D:2      | 1157 ||| FLEEEEING.
  1166 | D:2      | Killed Robin
  1178 | D:2      | 1178 ||| FLEEEEING.
  1179 | D:2      | 1179 ||| STAIRDANCE
  1188 | D:1      | 1188 ||| READING scroll labelled RIACIHU NIUKKU.
  1210 | D:1      | 1210 ||| READING scroll labelled BUIXA SULALIM.
  1211 | D:1      | 1211 ||| READING scroll labelled HEIVOUD PEICW.
  1685 | D:3      | 1685 ||| Stepping ~*~*~tactically~*~*~ (stealth).
  1704 | D:3      | 1704 ||| Stepping ~*~*~tactically~*~*~ (stealth).
  1705 | D:3      | 1705 ||| Stepping ~*~*~tactically~*~*~ (stealth).
  1706 | D:3      | 1706 ||| Stepping ~*~*~tactically~*~*~ (stealth).
  1707 | D:3      | 1707 ||| Stepping ~*~*~tactically~*~*~ (stealth).
  1708 | D:3      | 1708 ||| Stepping ~*~*~tactically~*~*~ (stealth).
  1725 | D:3      | Reached XP level 5. HP: 50/50 MP: 5/5
  1725 | D:3      | Found a burning altar of Makhleb.
  1852 | D:3      | Found a faded altar of an unknown god.
  1870 | D:3      | 1870 ||| Stepping ~*~*~tactically~*~*~ (hiding).
  1871 | D:3      | 1871 ||| Stepping ~*~*~tactically~*~*~ (hiding).
  1880 | D:3      | Reached skill level 6 in Unarmed Combat
  1900 | D:3      | 1900 ||| Stepping ~*~*~tactically~*~*~ (stealth).
  1965 | D:3      | 1965 ||| Stepping ~*~*~tactically~*~*~ (stealth).
  2339 | D:3      | 2339 ||| UPGRADING to +4 ring of protection.
  2340 | D:3      | 2340 ||| READING scroll labelled LUVA ZEEHOHAU.
  2356 | D:4      | 2356 ||| Stepping ~*~*~tactically~*~*~ (outnumbered).
  2357 | D:4      | 2357 ||| Stepping ~*~*~tactically~*~*~ (outnumbered).
  2360 | D:4      | 2360 ||| Stepping ~*~*~tactically~*~*~ (outnumbered).
  2401 | D:4      | 2401 ||| Stepping ~*~*~tactically~*~*~ (stealth).
  2420 | D:4      | 2420 ||| Stepping ~*~*~tactically~*~*~ (stealth).
  2459 | D:4      | Noticed Blork the orc
  2466 | D:4      | Killed Blork the orc
  2467 | D:4      | Reached XP level 6. HP: 53/59 MP: 6/6
  2522 | D:4      | Found a runed translucent gate.
  2522 | D:4      | Found a runed translucent gate.
  2522 | D:4      | Found a runed translucent gate.
  2523 | D:4      | Noticed qw's ghost (amateur TeWr)
  2523 | D:4      | Noticed qw's ghost (amateur TeWr)
  2523 | D:4      | Noticed qw's ghost (amateur TrCA)
  2538 | D:4      | 2538 ||| Stepping ~*~*~tactically~*~*~ (stealth).
  2540 | D:4      | 2540 ||| INVOKING Fiery Armour.
  2541 | D:4      | 2541 ||| Stepping ~*~*~tactically~*~*~ (outnumbered).
  2550 | D:4      | 2550 ||| FLEEEEING.
  2551 | D:4      | 2551 ||| FLEEEEING.
  2552 | D:4      | 2552 ||| FLEEEEING.
  2553 | D:4      | 2553 ||| FLEEEEING.
  2554 | D:4      | 2554 ||| FLEEEEING.
  2555 | D:4      | 2555 ||| FLEEEEING.
  2556 | D:4      | 2556 ||| FLEEEEING.
  2558 | D:4      | 2558 ||| FLEEEEING.
  2559 | D:4      | 2559 ||| FLEEEEING.
  2560 | D:4      | 2560 ||| FLEEEEING.
  2561 | D:4      | 2561 ||| FLEEEEING.
  2562 | D:4      | 2562 ||| FLEEEEING.
  2611 | D:4      | Noticed Dowan
  2612 | D:4      | 2612 ||| Stepping ~*~*~tactically~*~*~ (hiding).
  2613 | D:4      | 2613 ||| Stepping ~*~*~tactically~*~*~ (hiding).
  2617 | D:4      | Killed Dowan
  2689 | D:4      | Noticed Duvessa
  2690 | D:4      | 2690 ||| Stepping ~*~*~tactically~*~*~ (stealth).
  2698 | D:4      | 2698 ||| Stepping ~*~*~tactically~*~*~ (stealth).
  2701 | D:4      | 2701 ||| INVOKING Fiery Armour.
  2703 | D:4      | Killed Duvessa
  2704 | D:4      | Reached XP level 7. HP: 29/66 MP: 7/7
  3109 | D:4      | 3109 ||| DRINKING 2 murky white potions.
  3138 | D:4      | 3138 ||| READING 5 scrolls of identify.
  3138 | D:4      | 3138 ||| IDENTIFYING brown potion
  3139 | D:4      | 3139 ||| READING 4 scrolls of identify.
  3139 | D:4      | 3139 ||| IDENTIFYING murky sapphire potion
  3140 | D:4      | 3140 ||| READING 3 scrolls of identify.
  3140 | D:4      | 3140 ||| IDENTIFYING coppery potion
  3141 | D:4      | 3141 ||| DROPPING potion of attraction.
  3142 | D:4      | 3142 ||| DROPPING potion of ambrosia.
  3143 | D:4      | 3143 ||| DROPPING potion of lignification.
  3144 | D:4      | 3144 ||| DROPPING potion of brilliance.
  3185 | D:5      | Entered Level 5 of the Dungeon
  3195 | D:5      | Reached skill level 3 in Fighting
  3308 | D:5      | Noticed Ijyb
  3309 | D:5      | 3309 ||| Stepping ~*~*~tactically~*~*~ (hiding).
  3310 | D:5      | 3310 ||| Stepping ~*~*~tactically~*~*~ (hiding).
  3321 | D:5      | Killed Ijyb
  3593 | D:5      | 3593 ||| FLEEEEING.
  3596 | D:5      | 3596 ||| Stepping ~*~*~tactically~*~*~ (stealth).
  3597 | D:5      | 3597 ||| Stepping ~*~*~tactically~*~*~ (hiding).
  3601 | D:5      | 3601 ||| Stepping ~*~*~tactically~*~*~ (outnumbered).
  3615 | D:5      | 3615 ||| INVOKING Fiery Armour.
  3784 | D:5      | Reached skill level 9 in Unarmed Combat
  3844 | D:5      | 3844 ||| UPGRADING to +0 tower shield.
  3849 | D:5      | 3849 ||| READING 3 scrolls of identify.
  3849 | D:5      | 3849 ||| IDENTIFYING sedimented pink potion
  3866 | D:6      | 3866 ||| Stepping ~*~*~tactically~*~*~ (stealth).
  3867 | D:6      | 3867 ||| Stepping ~*~*~tactically~*~*~ (stealth).
  3868 | D:6      | 3868 ||| Stepping ~*~*~tactically~*~*~ (stealth).
  3905 | D:6      | Reached skill level 1 in Shields
  3905 | D:6      | Reached XP level 8. HP: 63/75 MP: 8/8
  3958 | D:6      | Found a blossoming altar of Fedhas.
  3958 | D:6      | Found a shimmering altar of Xom.
  3987 | D:6      | 3987 ||| Stepping ~*~*~tactically~*~*~ (stealth).
  3988 | D:6      | 3988 ||| Stepping ~*~*~tactically~*~*~ (stealth).
  3992 | D:6      | 3992 ||| Stepping ~*~*~tactically~*~*~ (hiding).
  4011 | D:6      | Reached skill level 3 in Shields
  4069 | D:6      | Found Fuorphell's Distillery.
  4078 | D:6      | 4078 ||| BUYING 2 potions of curing (72 gold).
  4078 | D:6      | Bought 2 potions of curing for 72 gold pieces
  4078 | D:6      | 4078 ||| BUYING potion of haste (120 gold).
  4078 | D:6      | Bought a potion of haste for 120 gold pieces
  4078 | D:6      | 4078 ||| SHOPLISTING potion of haste (120 gold, have 76).
  4078 | D:6      | 4078 ||| BUYING potion of heal wounds (60 gold).
  4078 | D:6      | Bought a potion of heal wounds for 60 gold pieces
  4221 | D:6      | Found Fughex Zuwi's General Store.
  4240 | D:6      | 4240 ||| Stepping ~*~*~tactically~*~*~ (stealth).
  4248 | D:6      | 4248 ||| SHOPLISTING potion of haste (140 gold, have 16).
  4248 | D:6      | 4248 ||| SHOPLISTING scroll of identify (28 gold, have 16).
  4248 | D:6      | 4248 ||| SHOPLISTING scroll of teleportation (42 gold, have
                  | 16).
  4252 | D:6      | Noticed Sigmund
  4254 | D:6      | Found Yrphyxed's Weapon Shoppe.
  4257 | D:6      | Noticed Grinder
  4258 | D:6      | 4258 ||| DRINKING 4 potions of curing.
  4258 | D:6      | 4258 ||| (to cure confusion)
  4259 | D:6      | 4259 ||| INVOKING Fiery Armour.
  4261 | D:6      | Noticed Eustachio
  4262 | D:6      | Killed Grinder
  4271 | D:6      | 4271 ||| FLEEEEING.
  4273 | D:6      | 4273 ||| FLEEEEING.
  4284 | D:6      | 4284 ||| FLEEEEING.
  4287 | D:6      | 4287 ||| FLEEEEING.
  4288 | D:6      | 4288 ||| FLEEEEING.
  4289 | D:6      | 4289 ||| FLEEEEING.
  4290 | D:6      | 4290 ||| FLEEEEING.
  4291 | D:6      | 4291 ||| FLEEEEING.
  4292 | D:6      | 4292 ||| DRINKING 3 potions of curing.
  4292 | D:6      | 4292 ||| (to cure confusion)
  4293 | D:6      | 4293 ||| FLEEEEING.
  4294 | D:6      | 4294 ||| FLEEEEING.
  4295 | D:6      | 4295 ||| FLEEEEING.
  4305 | D:6      | Killed Sigmund
  4306 | D:6      | Reached skill level 6 in Shields
  4309 | D:6      | 4309 ||| Stepping ~*~*~tactically~*~*~ (outnumbered).
  4310 | D:6      | 4310 ||| Stepping ~*~*~tactically~*~*~ (outnumbered).
  4319 | D:6      | Killed Eustachio
  4341 | D:6      | 4341 ||| READING scroll labelled ZEUQUKLAFAT.
  4375 | D:6      | Found Ygin's Assorted Antiques.
  4382 | D:6      | 4382 ||| SHOPLISTING fuming purple potion (26 gold, have
                  | 16).
  4382 | D:6      | 4382 ||| SHOPLISTING scroll labelled SEREYD YHUEXKAGU (29
                  | gold, have 16).
  4382 | D:6      | 4382 ||| SHOPLISTING scroll labelled YTIMEY EFEMECK (29
                  | gold, have 16).
  4382 | D:6      | 4382 ||| SHOPLISTING scroll of identify (58 gold, have 16).
  4526 | D:6      | 4526 ||| Stepping ~*~*~tactically~*~*~ (hiding).
  4527 | D:6      | 4527 ||| Stepping ~*~*~tactically~*~*~ (hiding).
  4528 | D:6      | 4528 ||| Stepping ~*~*~tactically~*~*~ (hiding).
  4553 | D:6      | 4553 ||| INVOKING Fiery Armour.
  4556 | D:6      | 4556 ||| Stepping ~*~*~tactically~*~*~ (outnumbered).
  4558 | D:6      | 4558 ||| Stepping ~*~*~tactically~*~*~ (outnumbered).
  4560 | D:6      | 4560 ||| Stepping ~*~*~tactically~*~*~ (outnumbered).
  4568 | D:6      | Reached XP level 9. HP: 26/83 MP: 9/9
  4572 | D:6      | 4572 ||| Stepping ~*~*~tactically~*~*~ (outnumbered).
  4688 | D:6      | Found Vag Oggyc's Magic Scroll Boutique.
  4691 | D:6      | 4691 ||| SHOPLISTING 2 scrolls of teleportation (66 gold,
                  | have 16).
  4691 | D:6      | 4691 ||| SHOPLISTING 3 scrolls of identify (66 gold, have
                  | 16).
  4691 | D:6      | 4691 ||| SHOPLISTING scroll of acquirement (572 gold, have
                  | 16).
  4691 | D:6      | 4691 ||| SHOPLISTING scroll of enchant weapon (82 gold,
                  | have 16).
  4691 | D:6      | 4691 ||| SHOPLISTING scroll of identify (22 gold, have 16).
  4784 | D:6      | 4784 ||| READING 2 scrolls labelled YTIMEY EFEMECK.
  4785 | D:6      | 4785 ||| READING 5 scrolls of identify.
  4785 | D:6      | 4785 ||| IDENTIFYING emerald potion
  4786 | D:6      | 4786 ||| READING 4 scrolls of identify.
  4786 | D:6      | 4786 ||| IDENTIFYING fizzy golden potion
  4787 | D:6      | 4787 ||| DROPPING potion of degeneration.
  4788 | D:6      | 4788 ||| DROPPING potion of flight.
  4789 | D:6      | 4789 ||| DROPPING scroll of immolation.
  4827 | D:7      | 4827 ||| INVOKING Fiery Armour.
  4832 | D:7      | 4832 ||| Stepping ~*~*~tactically~*~*~ (outnumbered).
  4833 | D:7      | 4833 ||| Stepping ~*~*~tactically~*~*~ (outnumbered).
  4865 | D:7      | 4865 ||| Stepping ~*~*~tactically~*~*~ (stealth).
  4914 | D:7      | 4914 ||| Stepping ~*~*~tactically~*~*~ (outnumbered).
  4915 | D:7      | 4915 ||| Stepping ~*~*~tactically~*~*~ (outnumbered).
  4917 | D:7      | 4917 ||| Stepping ~*~*~tactically~*~*~ (outnumbered).
  4918 | D:7      | 4918 ||| Stepping ~*~*~tactically~*~*~ (outnumbered).
  4919 | D:7      | 4919 ||| Stepping ~*~*~tactically~*~*~ (outnumbered).
  4920 | D:7      | 4920 ||| Stepping ~*~*~tactically~*~*~ (outnumbered).
  4922 | D:7      | 4922 ||| Stepping ~*~*~tactically~*~*~ (outnumbered).
  4923 | D:7      | 4923 ||| Stepping ~*~*~tactically~*~*~ (outnumbered).
  4928 | D:7      | 4928 ||| Stepping ~*~*~tactically~*~*~ (outnumbered).
  4930 | D:7      | 4930 ||| Stepping ~*~*~tactically~*~*~ (outnumbered).
  4937 | D:7      | 4937 ||| INVOKING Fiery Armour.
  5033 | D:7      | Reached skill level 9 in Shields
  5058 | D:7      | Noticed Joseph
  5059 | D:7      | 5059 ||| Stepping ~*~*~tactically~*~*~ (hiding).
  5075 | D:7      | Killed Joseph
  5118 | D:7      | Found a staircase to the Ecumenical Temple.
  5870 | D:7      | Found an opulent altar of Gozag.
  6184 | D:8      | 6184 ||| STAIRDANCE
  6190 | D:8      | 6190 ||| STAIRDANCE
  6192 | D:7      | 6192 ||| Stepping ~*~*~tactically~*~*~ (outnumbered).
  6193 | D:7      | 6193 ||| Stepping ~*~*~tactically~*~*~ (outnumbered).
  6194 | D:7      | 6194 ||| Stepping ~*~*~tactically~*~*~ (outnumbered).
  6195 | D:7      | 6195 ||| Stepping ~*~*~tactically~*~*~ (outnumbered).
  6196 | D:7      | 6196 ||| Stepping ~*~*~tactically~*~*~ (outnumbered).
  6197 | D:7      | 6197 ||| Stepping ~*~*~tactically~*~*~ (outnumbered).
  6199 | D:7      | 6199 ||| Stepping ~*~*~tactically~*~*~ (outnumbered).
  6200 | D:7      | 6200 ||| Stepping ~*~*~tactically~*~*~ (outnumbered).
  6201 | D:7      | 6201 ||| Stepping ~*~*~tactically~*~*~ (outnumbered).
  6229 | D:8      | 6229 ||| STAIRDANCE
  6268 | D:8      | 6268 ||| INVOKING Fiery Armour.
  6288 | D:8      | Reached XP level 10. HP: 54/91 MP: 10/10
  6522 | D:8      | Noticed a two-headed ogre
  6535 | D:8      | 6535 ||| INVOKING Fiery Armour.
  6537 | D:8      | Killed a two-headed ogre
  6593 | D:8      | 6593 ||| Stepping ~*~*~tactically~*~*~ (outnumbered).
  6594 | D:8      | 6594 ||| Stepping ~*~*~tactically~*~*~ (outnumbered).
  6595 | D:8      | 6595 ||| Stepping ~*~*~tactically~*~*~ (hiding).
  6597 | D:8      | 6597 ||| Stepping ~*~*~tactically~*~*~ (hiding).
  6600 | D:8      | Reached skill level 1 in Dodging
  6642 | D:8      | Found a shadowy altar of Dithmenos.
  6680 | D:8      | Found Idwufail's Weapon Boutique.
  6750 | D:8      | Found Gosoam's Jewellery Shop.
  6756 | D:8      | 6756 ||| SHOPLISTING amulet of guardian spirit (480 gold,
                  | have 105).
  6756 | D:8      | 6756 ||| SHOPLISTING amulet of reflection (480 gold, have
                  | 105).
  6756 | D:8      | 6756 ||| SHOPLISTING amulet of regeneration (480 gold, have
                  | 105).
  6756 | D:8      | 6756 ||| SHOPLISTING ring of fire (400 gold, have 105).
  6756 | D:8      | 6756 ||| SHOPLISTING ring of ice (400 gold, have 105).
  6756 | D:8      | 6756 ||| SHOPLISTING ring of resist corrosion (320 gold,
                  | have 105).
  6881 | D:9      | 6881 ||| Stepping ~*~*~tactically~*~*~ (hiding).
  6883 | D:9      | 6883 ||| Stepping ~*~*~tactically~*~*~ (hiding).
  6916 | D:9      | Noticed Maurice
  6920 | D:9      | 6920 ||| INVOKING Fiery Armour.
  6949 | D:9      | Killed Maurice
  7017 | D:9      | 7017 ||| Stepping ~*~*~tactically~*~*~ (hiding).
  7018 | D:9      | 7018 ||| Stepping ~*~*~tactically~*~*~ (hiding).
  7133 | D:9      | 7133 ||| Stepping ~*~*~tactically~*~*~ (outnumbered).
  7135 | D:9      | 7135 ||| Stepping ~*~*~tactically~*~*~ (outnumbered).
  7136 | D:9      | 7136 ||| Stepping ~*~*~tactically~*~*~ (outnumbered).
  7137 | D:9      | 7137 ||| Stepping ~*~*~tactically~*~*~ (outnumbered).
  7138 | D:9      | 7138 ||| Stepping ~*~*~tactically~*~*~ (outnumbered).
  7139 | D:9      | 7139 ||| Stepping ~*~*~tactically~*~*~ (outnumbered).
  7140 | D:9      | 7140 ||| Stepping ~*~*~tactically~*~*~ (outnumbered).
  7141 | D:9      | 7141 ||| Stepping ~*~*~tactically~*~*~ (outnumbered).
  7142 | D:9      | 7142 ||| Stepping ~*~*~tactically~*~*~ (outnumbered).
  7143 | D:9      | 7143 ||| Stepping ~*~*~tactically~*~*~ (outnumbered).
  7144 | D:9      | 7144 ||| Stepping ~*~*~tactically~*~*~ (outnumbered).
  7146 | D:9      | 7146 ||| Stepping ~*~*~tactically~*~*~ (outnumbered).
  7147 | D:9      | 7147 ||| Stepping ~*~*~tactically~*~*~ (outnumbered).
  7148 | D:9      | 7148 ||| Stepping ~*~*~tactically~*~*~ (outnumbered).
  7149 | D:9      | 7149 ||| Stepping ~*~*~tactically~*~*~ (outnumbered).
  7150 | D:9      | 7150 ||| Stepping ~*~*~tactically~*~*~ (outnumbered).
  7262 | D:9      | 7262 ||| Stepping ~*~*~tactically~*~*~ (hiding).
  7264 | D:9      | 7264 ||| Stepping ~*~*~tactically~*~*~ (hiding).
  7408 | D:9      | 7408 ||| Stepping ~*~*~tactically~*~*~ (outnumbered).
  7410 | D:9      | 7410 ||| Stepping ~*~*~tactically~*~*~ (outnumbered).
  7411 | D:9      | 7411 ||| Stepping ~*~*~tactically~*~*~ (outnumbered).
  7413 | D:9      | 7413 ||| Stepping ~*~*~tactically~*~*~ (outnumbered).
  7451 | D:9      | Found a hide-covered altar of Uskayaw.
  7535 | D:9      | 7535 ||| Stepping ~*~*~tactically~*~*~ (outnumbered).
  7545 | D:9      | Reached skill level 12 in Shields
  7730 | D:9      | Found a staircase to the Orcish Mines.
  7772 | D:9      | 7772 ||| UPGRADING to +0 steam dragon scales.
  7782 | D:9      | 7782 ||| DROPPING +0 robe.
  7783 | D:9      | 7783 ||| READING scroll labelled SEREYD YHUEXKAGU.
  7810 | D:10     | Entered Level 10 of the Dungeon
  7815 | D:10     | 7815 ||| STAIRDANCE
  7834 | D:10     | Reached skill level 1 in Armour
  7834 | D:10     | 7834 ||| STAIRDANCE
  7872 | D:10     | 7872 ||| Stepping ~*~*~tactically~*~*~ (outnumbered).
  7874 | D:10     | 7874 ||| Stepping ~*~*~tactically~*~*~ (outnumbered).
  7876 | D:10     | 7876 ||| Stepping ~*~*~tactically~*~*~ (outnumbered).
  7877 | D:10     | 7877 ||| Stepping ~*~*~tactically~*~*~ (outnumbered).
  7878 | D:10     | 7878 ||| Stepping ~*~*~tactically~*~*~ (outnumbered).
  7879 | D:10     | 7879 ||| Stepping ~*~*~tactically~*~*~ (outnumbered).
  7880 | D:10     | 7880 ||| Stepping ~*~*~tactically~*~*~ (outnumbered).
  7881 | D:10     | 7881 ||| Stepping ~*~*~tactically~*~*~ (outnumbered).
  7882 | D:10     | 7882 ||| Stepping ~*~*~tactically~*~*~ (outnumbered).
  7883 | D:10     | 7883 ||| Stepping ~*~*~tactically~*~*~ (outnumbered).
  7884 | D:10     | 7884 ||| Stepping ~*~*~tactically~*~*~ (outnumbered).
  7884 | D:10     | Noticed Josephine
  7886 | D:10     | Reached XP level 11. HP: 67/98 MP: 11/11
  7886 | D:10     | 7886 ||| Stepping ~*~*~tactically~*~*~ (outnumbered).
  7887 | D:10     | 7887 ||| Stepping ~*~*~tactically~*~*~ (outnumbered).
  7888 | D:10     | 7888 ||| Stepping ~*~*~tactically~*~*~ (outnumbered).
  7890 | D:10     | 7890 ||| Stepping ~*~*~tactically~*~*~ (outnumbered).
  7892 | D:10     | 7892 ||| Stepping ~*~*~tactically~*~*~ (outnumbered).
  7893 | D:10     | 7893 ||| Stepping ~*~*~tactically~*~*~ (outnumbered).
  7894 | D:10     | 7894 ||| Stepping ~*~*~tactically~*~*~ (outnumbered).
  7896 | D:10     | 7896 ||| Stepping ~*~*~tactically~*~*~ (outnumbered).
  7898 | D:10     | 7898 ||| INVOKING Fiery Armour.
  7903 | D:10     | HP: 23/98 [yak (8)]
  7904 | D:10     | 7904 ||| READING 4 scrolls of teleportation.
  7905 | D:10     | 7905 ||| DRINKING 2 potions of heal wounds.
  7907 | D:10     | 7907 ||| PLANNING TEMPLE
  8027 | Temple   | Entered the Ecumenical Temple
  8167 | Temple   | 8167 ||| PLANNING CONVERSION TO OKAWARU
  8172 | Temple   | Fell from the grace of Ignis
  8172 | Temple   | Became a worshipper of Warmaster Okawaru
  8173 | Temple   | 8173 ||| PLANNING D:1-11
  8224 | D:10     | 8224 ||| STAIRDANCE
  8226 | D:9      | 8226 ||| Stepping ~*~*~tactically~*~*~ (outnumbered).
  8227 | D:9      | 8227 ||| Stepping ~*~*~tactically~*~*~ (outnumbered).
  8228 | D:9      | 8228 ||| Stepping ~*~*~tactically~*~*~ (outnumbered).
  8293 | D:10     | 8293 ||| Stepping ~*~*~tactically~*~*~ (stealth).
  8301 | D:10     | Killed Josephine
  8387 | D:10     | 8387 ||| Stepping ~*~*~tactically~*~*~ (hiding).
  8390 | D:10     | Noticed Lodul
  8393 | D:10     | 8393 ||| Stepping ~*~*~tactically~*~*~ (outnumbered).
  8394 | D:10     | Reached * piety under Okawaru
  8395 | D:10     | 8395 ||| INVOKING Heroism.
  8396 | D:10     | 8396 ||| INVOKING Heroism.
  8397 | D:10     | 8397 ||| INVOKING Heroism.
  8400 | D:10     | 8400 ||| Stepping ~*~*~tactically~*~*~ (outnumbered).
  8401 | D:10     | 8401 ||| Stepping ~*~*~tactically~*~*~ (outnumbered).
  8402 | D:10     | 8402 ||| Stepping ~*~*~tactically~*~*~ (outnumbered).
  8405 | D:10     | Killed Lodul
  8406 | D:10     | 8406 ||| Stepping ~*~*~tactically~*~*~ (outnumbered).
  8409 | D:10     | 8409 ||| INVOKING Heroism.
  8410 | D:10     | 8410 ||| Stepping ~*~*~tactically~*~*~ (outnumbered).
  8411 | D:10     | 8411 ||| Stepping ~*~*~tactically~*~*~ (outnumbered).
  8413 | D:10     | 8413 ||| Stepping ~*~*~tactically~*~*~ (outnumbered).
  8417 | D:10     | 8417 ||| Stepping ~*~*~tactically~*~*~ (outnumbered).
  8419 | D:10     | 8419 ||| Stepping ~*~*~tactically~*~*~ (outnumbered).
  8420 | D:10     | 8420 ||| INVOKING Heroism.
  8421 | D:10     | 8421 ||| Stepping ~*~*~tactically~*~*~ (outnumbered).
  8422 | D:10     | 8422 ||| Stepping ~*~*~tactically~*~*~ (outnumbered).
  8430 | D:10     | Reached skill level 1 in Invocations
  8432 | D:10     | 8432 ||| INVOKING Heroism.
  8502 | D:10     | 8502 ||| INVOKING Heroism.
  8592 | D:10     | Noticed Psyche
  8593 | D:10     | 8593 ||| INVOKING Heroism.
  8598 | D:10     | Killed Psyche
  8731 | D:10     | 8731 ||| Stepping ~*~*~tactically~*~*~ (stealth).
  8733 | D:10     | 8733 ||| INVOKING Heroism.
  8734 | D:10     | 8734 ||| Stepping ~*~*~tactically~*~*~ (outnumbered).
  8813 | D:10     | 8813 ||| DRINKING 4 potions of curing.
  8813 | D:10     | 8813 ||| (to cure confusion)
  8846 | D:10     | 8846 ||| INVOKING Heroism.
  8849 | D:10     | 8849 ||| Stepping ~*~*~tactically~*~*~ (outnumbered).
  8850 | D:10     | 8850 ||| Stepping ~*~*~tactically~*~*~ (outnumbered).
  8851 | D:10     | 8851 ||| Stepping ~*~*~tactically~*~*~ (outnumbered).
  8853 | D:10     | 8853 ||| Stepping ~*~*~tactically~*~*~ (outnumbered).
  8854 | D:10     | 8854 ||| Stepping ~*~*~tactically~*~*~ (outnumbered).
  8855 | D:10     | 8855 ||| Stepping ~*~*~tactically~*~*~ (outnumbered).
  8866 | D:10     | Reached ** piety under Okawaru
  8869 | D:10     | 8869 ||| INVOKING Heroism.
  8871 | D:10     | Reached skill level 3 in Invocations
  9031 | D:10     | Found a runed translucent door.
  9031 | D:10     | Noticed a purple ugly thing
  9031 | D:10     | Noticed qw's ghost (journeyman TeWr)
  9079 | D:10     | 9079 ||| DRINKING 3 potions of curing.
  9079 | D:10     | 9079 ||| (to cure confusion)
  9290 | D:10     | 9290 ||| READING scroll labelled QAYMAO ESOU.
  9391 | D:10     | 9391 ||| READING scroll labelled MUONUW ZIER.
  9392 | D:10     | 9392 ||| READING scroll labelled VIR ZITSYSISA.
  9431 | D:11     | 9431 ||| Stepping ~*~*~tactically~*~*~ (stealth).
  9439 | D:11     | 9439 ||| Stepping ~*~*~tactically~*~*~ (stealth).
  9450 | D:11     | 9450 ||| Stepping ~*~*~tactically~*~*~ (stealth).
  9451 | D:11     | 9451 ||| Stepping ~*~*~tactically~*~*~ (stealth).
  9456 | D:11     | 9456 ||| Stepping ~*~*~tactically~*~*~ (stealth).
  9493 | D:11     | 9493 ||| Stepping ~*~*~tactically~*~*~ (stealth).
  9513 | D:11     | You fall into a shaft and drop 2 floors!
  9585 | D:13     | Noticed a centaur warrior
  9586 | D:13     | 9586 ||| Stepping ~*~*~tactically~*~*~ (hiding).
  9593 | D:13     | 9593 ||| INVOKING Heroism.
  9597 | D:13     | Killed a centaur warrior
  9597 | D:13     | Reached *** piety under Okawaru
  9598 | D:13     | Reached skill level 12 in Unarmed Combat
  9693 | D:13     | Noticed a centaur warrior
  9693 | D:13     | Noticed a tengu warrior
  9694 | D:13     | 9694 ||| Stepping ~*~*~tactically~*~*~ (hiding).
  9704 | D:13     | Killed a centaur warrior
  9706 | D:13     | 9706 ||| INVOKING Heroism.
  9717 | D:13     | Killed a tengu warrior
  9718 | D:13     | Reached skill level 3 in Throwing
  9718 | D:13     | Reached XP level 12. HP: 76/107 MP: 12/14
  9769 | D:13     | 9769 ||| INVOKING Heroism.
  9849 | D:13     | 9849 ||| INVOKING Heroism.
  9852 | D:13     | HP: 1/107 [efreet/fireball (41)]
  9853 | D:13     | 9853 ||| READING 4 scrolls of teleportation.
  9854 | D:13     | 9854 ||| DRINKING 3 potions of heal wounds.
  9855 | D:13     | 9855 ||| DRINKING 2 potions of heal wounds.
  9856 | D:13     | 9856 ||| DRINKING potion of heal wounds.
  9861 | D:13     | HP: 19/107 [gargoyle/+0 dire flail (21)]
  9862 | D:13     | 9862 ||| READING 3 scrolls of teleportation.
  9866 | D:13     | Killed from afar by a gargoyle

Levels and vault maps discovered:
D:1:      wander_arrival_estate, layout_basic
D:2:      layout_rooms, minmay_tromino_mix6, uniq_robin
D:3:      layout_loops_corners, lemuel_coloured_pillars_altar,
          ebering_ecumenical_altar_mist, minmay_hedge_maze
D:4:      layout_basic, gammafunk_ghost_cemetery, grunt_ministairs_7,
          uniq_blork_the_orc, uniq_duvessa
D:5:      layout_basic, uniq_ijyb
D:6:      layout_cave_pools, gammafunk_temple_overflow_elements, serial_shops,
          nicolae_shop_advertising_works [nicolae_subvault_shop_adworks],
          nicolae_diamond_shop, nicolae_stop_n_shop_1, kennysheep_mini, shop,
          uniq_grinder, uniq_sigmund, uniq_eustachio
D:7:      layout_layer_cave, general_overflow_altar, minmay_temple_entry_mist,
          uniq_joseph
D:8:      layout_cave_pools, nicolae_dithmenos_through_a_glass_darkly,
          serial_shops, shop, shop, minmay_misc_feat_ornament
D:9:      layout_gridville, mainiacjoe_overflow_six_doors_small,
          minmay_orc_entry_guard_dogs, uniq_maurice
D:10:     layout_irregular_city, ebering_ghost_inner_flame, chequers_arboretum,
          minmay_misc_feat_columns, uniq_josephine, uniq_psyche, uniq_lodul
D:11:     layout_cave_pools, lair_entry_dummy, serial_shops,
          kennysheep_mini_moat, nrook_campfire
D:13:     wad_woods_structure_01, layout_basic
Temple:   eino_temple_scatter_basement

Skill      XL: |  1  2  3  4  5  6  7  8  9 10 11 |
---------------+----------------------------------+-----
Unarmed Combat | 4 5 6 8 9 10 12 | 12.0
Throwing       | 1 3 |  3.8
Fighting       | 3 4 |  4.0
Shields        | 1 6 10 12 | 12.7
Dodging        | 1 |  1.2
Armour         | 1 |  1.2
Invocations    | 4 |  4.1
Spellcasting   | |  1.0
Fire Magic     | |  2.1

Action                   |  1- 3 |  4- 6 |  7- 9 | 10-12 || total
-------------------------+-------+-------+-------+-------++-------
Melee: Unarmed           |    80 |   104 |   248 |   398 ||   830
       Punch             |       |     2 |     2 |       ||     4
Throw: Javelin           |       |    42 |    20 |       ||    62
       Boomerang         |       |       |       |    38 ||    38
Invok: Fiery Armour      |     1 |     3 |     6 |     3 ||    13
       Heroism           |       |       |       |    13 ||    13
  Use: Scroll            |     3 |     4 |     8 |     7 ||    22
       Potion            |       |       |     3 |     6 ||     9
 Stab: Sleeping          |       |       |       |     1 ||     1
Armor: Robe              |    42 |    47 |   134 |    37 ||   260
       Steam dragon scal |       |       |       |   111 ||   111
Dodge: Dodged            |    33 |    34 |    83 |    92 ||   242
Block: Tower shield      |       |       |   124 |   332 ||   456

Table legend:
 A = Non-vault XP
 B = Vault XP
 C = Vault XP percentage of total XP
 D = Non-vault monster count
 E = Vault monster count
 F = Vault count percentage of total count
                 A         B        C        D         E       F
            +---------+---------+-------+---------+---------+-------
      Total |   11831 |   10789 |  47.7 |     224 |      52 |  18.8
            +---------+---------+-------+---------+---------+-------
        D:1 |      66 |       0 |   0.0 |      29 |       0 |   0.0
        D:2 |      48 |      40 |  45.5 |      11 |      15 |  57.7
        D:3 |     130 |       0 |   0.0 |      29 |       0 |   0.0
        D:4 |     312 |     317 |  50.4 |      21 |       5 |  19.2
        D:5 |     369 |      36 |   8.9 |       9 |       1 |  10.0
        D:6 |     952 |     711 |  42.8 |      28 |       3 |   9.7
        D:7 |    1696 |     439 |  20.6 |      22 |       1 |   4.3
        D:8 |    2544 |       0 |   0.0 |      17 |       0 |   0.0
        D:9 |    2074 |    1308 |  38.7 |      27 |       6 |  18.2
       D:10 |    2727 |    3180 |  53.8 |      23 |      11 |  32.4
       D:11 |     913 |       0 |   0.0 |       8 |       0 |   0.0
       D:13 |       0 |    4758 | 100.0 |       0 |      10 | 100.0
            +---------+---------+-------+---------+---------+-------
